 Dungeon Crawl Stone Soup version 0.24-a0-537-g2d01d4ab0a (webtiles) character file.

Game seed: 5361543237124097441

2132 Napalmbreeze the Fighter (level 9, 0/85 HPs)
             Began as a Hill Orc Fighter on Aug 13, 2019.
             Was a Follower of Beogh.
             Slain by GordonOverkill's ghost (7 damage)
             ... on level 7 of the Dungeon.
             The game lasted 00:12:58 (7439 turns).

Napalmbreeze the Fighter (Hill Orc Fighter)         Turns: 7439, Time: 00:12:58

Health: 0/85       AC: 14    Str: 22    XL:     9   Next: 30%
Magic:  10/10      EV:  6    Int:  8    God:    Beogh [*.....]
Gold:   262        SH: 13    Dex: 10    Spells: 8/8 levels left

rFire    . . .     SeeInvis .   a - +0 war axe
rCold    . . .     Gourm    .   c - +0 shield
rNeg     . . .     Faith    .   x - +0 chain mail
rPois    .         Spirit   .   s - +0 helmet
rElec    .         Reflect  +   C - +0 cloak
rCorr    .         Harm     .   (no gloves)
MR       .....                  u - +0 pair of boots
Stlth    ..........             y - +3 amulet of reflection
HPRegen  0.24/turn              m - +2 ring of slaying
MPRegen  0.12/turn              (no ring)

@: lethally poisoned (0 -> -5)
A: no striking features
a: Renounce Religion


You were on level 7 of the Dungeon.
You worshipped Beogh.
Beogh was aware of your devotion.
You were hungry.

You visited 1 branch of the dungeon, and saw 7 of its levels.
You also visited: Ossuary.

You collected 262 gold pieces.

Inventory:

Hand Weapons
 a - a +0 war axe (weapon)
 d - a +2 halberd
 G - the +8 dagger of Power {pierce, rElec rPois MR- Int+2, unknown}
   (You found it on level 7 of the Dungeon)

   It inflicts extra damage upon your enemies.
   It affects your intelligence (+2).
   It insulates you from electricity.
   It protects you from poison.
   It affects your resistance to hostile enchantments.
Missiles
 z - 2 throwing nets (quivered)
Armour
 c - a +0 shield (worn)
 s - a +0 helmet (worn)
 u - a +0 pair of boots (worn)
 x - a +0 chain mail (worn)
 C - a +0 cloak (worn)
Jewellery
 m - a +2 ring of slaying (left hand)
 y - a +3 amulet of reflection (around neck)
Wands
 o - a wand of polymorph (6)
Scrolls
 e - a scroll of amnesia
 g - 4 scrolls of teleportation
 h - 4 scrolls of remove curse
 n - 2 scrolls of immolation {unknown}
 q - 2 scrolls of enchant armour
 B - a scroll of holy word {unknown}
 E - a scroll of magic mapping {unknown}
Potions
 b - 2 potions of curing
 i - 3 potions of haste {unknown}
 j - 4 potions of heal wounds {unknown}
 k - 2 potions of brilliance
 l - 2 potions of agility {unknown}
 p - 2 potions of degeneration {unknown}
 r - a potion of flight {unknown}
 t - a potion of invisibility {unknown}
 v - a potion of lignification {unknown}
 w - a potion of might
 D - a potion of magic {unknown}
 F - a potion of berserk rage {unknown}
Comestibles
 f - 10 rations
 A - 2 chunks of flesh


   Skills:
 * Level 9.7 Fighting
 + Level 7.4 Axes
 + Level 6.7 Armour
 + Level 6.6 Shields
 + Level 1.6 Invocations


You had 8 spell levels left.
You didn't know any spells.
Your spell library was empty.

Dungeon Overview and Level Annotations

Branches:
Dungeon (7/15)
 Temple: D:4-7

Altars:
Elyvilon
Gozag
Okawaru
Qazlal

Annotations:
D:2 1 runed translucent door, Crazy Yiuf
D:4 3 runed translucent doors, kinazarov's ghost, novice VSAs
D:7 GordonOverkill's ghost, novice DrFE


Message History

GordonOverkill's ghost is almost destroyed.
You feel sick. GordonOverkill's ghost hits you.
Unknown command.
You hit GordonOverkill's ghost.
GordonOverkill's ghost is almost destroyed.
You feel sick.
GordonOverkill's ghost gestures at you while chanting.
The flame tongue hits you!!
* * * LOW HITPOINT WARNING * * *
Unknown command.
You completely miss GordonOverkill's ghost.
GordonOverkill's ghost is almost destroyed.
You feel sick.
GordonOverkill's ghost gestures at you while chanting.
The flame tongue misses you.
Unknown command.
You barely miss GordonOverkill's ghost.
GordonOverkill's ghost is almost destroyed.
You feel sick. GordonOverkill's ghost hits you!
You die...

##.## ###.......##
#...... ##.##
######### #......
##..##### ##.#≈###
#######
##.<##...##..$≈.#.#
##..##....#.#...≈.#
#..#......#§.⌠≈#.?##
##.#.......##≈..≈≈$.#
##.#........####W'###
##..............@....#
#..................###
.................###
................##
........>......##
...............#
#............###
##..........##
.###.....####


You could see GordonOverkill's ghost.

Vanquished Creatures
  Eustachio (D:4)
  Menkaure (D:4)
  Duvessa (D:4)
  A black bear (D:5)
  3 sky beasts
  An ice beast (D:5)
  An ogre (D:5)
  2 centaurs (D:5)
  Dowan (D:4)
  4 wights
  A howler monkey (D:4)
  A centaur zombie (Ossuary)
  A crimson imp (D:6)
  5 hounds
  A bullfrog zombie (D:5)
  2 orc priests
  2 orc wizards
  3 worker ants
  4 big kobold zombies (Ossuary)
  A hound skeleton (D:5)
  5 mummies (Ossuary)
  A gnoll (D:5)
  9 adders
  A shadow imp (D:6)
  2 oozes
  An adder zombie (D:6)
  2 adder skeletons
  A worm (D:4)
  4 dart slugs (D:1)
  3 leopard geckos
  8 orcs
  3 giant cockroaches
  12 goblins
  7 hobgoblins
  9 jackals
  2 quokkas
  A ball python (D:5)
  8 bats
  6 frilled lizards
  10 kobolds
  A leopard gecko skeleton (D:7)
  7 rats
140 creatures vanquished.

Vanquished Creatures (others)
  An orc priest (D:5)
1 creature vanquished.

Grand Total: 141 creatures vanquished

Notes
Turn   | Place    | Note
-------+----------+-------------------------------------------
     0 | D:1      | Napalmbreeze the Hill Orc Fighter began the quest for the
                  | Orb.
     0 | D:1      | Reached XP level 1. HP: 19/19 MP: 1/1
   116 | D:1      | Reached XP level 2. HP: 19/27 MP: 2/2
   243 | D:1      | Reached skill level 4 in Fighting
   577 | D:1      | Reached XP level 3. HP: 33/33 MP: 3/3
  1456 | D:2      | Reached XP level 4. HP: 41/41 MP: 4/4
  1588 | D:2      | Found a faded altar of an unknown god.
  2140 | D:2      | Found a runed translucent door.
  2141 | D:2      | Noticed Crazy Yiuf
  2793 | D:3      | Reached skill level 5 in Fighting
  2822 | D:3      | Reached XP level 5. HP: 47/48 MP: 5/5
  3219 | D:3      | Found a white marble altar of Elyvilon.
  3653 | D:4      | Reached XP level 6. HP: 43/56 MP: 6/6
  3687 | D:4      | Noticed Menkaure
  3702 | D:4      | Killed Menkaure
  3702 | D:4      | Reached skill level 6 in Fighting
  3998 | D:4      | Noticed Duvessa
  3998 | D:4      | Noticed Dowan
  4121 | D:4      | HP: 2/58 [wight/+0 halberd (4)]
  4150 | D:3      | Reached skill level 5 in Axes
  4150 | D:3      | Reached XP level 7. HP: 10/64 MP: 7/7
  4440 | D:4      | Reached skill level 5 in Armour
  4658 | D:4      | Killed Duvessa
  4658 | D:4      | Reached skill level 7 in Fighting
  4658 | D:4      | Reached skill level 5 in Shields
  4672 | D:4      | Killed Dowan
  4886 | D:4      | Found a runed translucent gate.
  4886 | D:4      | Found a runed translucent gate.
  4886 | D:4      | Found a runed translucent gate.
  4887 | D:4      | Found an opulent altar of Gozag.
  4887 | D:4      | Noticed kinazarov's ghost (novice VSAs)
  5211 | D:5      | Entered Level 5 of the Dungeon
  5231 | D:5      | Became a worshipper of Beogh the Brigand
  5291 | D:5      | Reached XP level 8. HP: 45/73 MP: 8/8
  5647 | D:5      | Reached skill level 8 in Fighting
  6064 | D:5      | Noticed Eustachio
  6131 | D:5      | Reached skill level 9 in Fighting
  6145 | D:4      | Killed Eustachio
  6145 | D:4      | Reached XP level 9. HP: 72/83 MP: 9/9
  6173 | D:5      | Reached * piety under Beogh
  6405 | D:5      | Found an iron altar of Okawaru.
  6539 | D:6      | Found a sand-covered staircase.
  6563 | Ossuary  | Entered an ossuary
  6635 | Ossuary  | Reached skill level 1 in Invocations
  6913 | D:6      | Found a stormy altar of Qazlal.
  7375 | D:7      | Found a large runed translucent door.
  7378 | D:7      | Found a large runed translucent door.
  7381 | D:7      | Got a crystal dagger
  7382 | D:7      | Noticed GordonOverkill's ghost (novice DrFE)
  7439 | D:7      | Slain by GordonOverkill's ghost

Levels and vault maps discovered:
D:1:      ebering_trefoil_twist, layout_basic, chequers_hall_statues_corner_a
D:2:      layout_loops_ring, chequers_ecumenical_altar_island,
          serial_co_window_serial, co_window_paths_b, co_window_corner_a,
          co_window_paths_a, co_window_corner_a, co_window_of_opportunity_a,
          co_window_paths_c, co_window_paths_c, co_window_unsneaky_path_b,
          co_window_4corner_b, glass_columns_a, glass_columns_a,
          glass_columns_b, glass_columns_c, glass_columns_c,
          lemuel_old_faithful, uniq_crazy_yiuf_cottage
D:3:      layout_basic, elyvilon_altar_3
D:4:      layout_basic, ebering_ghost_gozag, minmay_misc_feat_iff,
          uniq_menkaure, uniq_duvessa
D:5:      layout_loops_cross, first_ration, okawaru_altar_gauntlet_db,
          uniq_eustachio
D:6:      layout_rooms, basic_altar, nicolae_ossuary_entry_monument
D:7:      layout_cave_pods, minmay_temple_entry_wispy,
          ebering_ghost_disaster_area, grunt_ogre_cave

Skill      XL: |  1  2  3  4  5  6  7  8  9 |
---------------+----------------------------+-----
Fighting       | 4 5 6 7 9 |  9.7
Axes           | 3 4 5 7 |  7.4
Shields        | 4 5 6 |  6.6
Armour         | 4 5 6 |  6.7
Invocations    | 1 |  1.6

Action                   |  1- 3 |  4- 6 |  7- 9 || total
-------------------------+-------+-------+-------++-------
Melee: War axe           |   122 |   179 |   291 ||   592
Invok: Convert to Beogh  |       |       |     1 ||     1
  Use: Scroll            |     2 |       |     4 ||     6
       Potion            |       |     5 |       ||     5
  Eat: Chunk             |     2 |     5 |     4 ||    11
       Ration            |       |     1 |     2 ||     3
Armor: Scale mail        |    59 |    82 |    16 ||   157
       Skin              |       |       |     2 ||     2
       Chain mail        |       |       |   100 ||   100
Dodge: Dodged            |    28 |    76 |    58 ||   162
Block: Shield            |    66 |   117 |   158 ||   341
       Reflection        |       |       |    11 ||    11

Table legend:
 A = Non-vault XP
 B = Vault XP
 C = Vault XP percentage of total XP
 D = Non-vault monster count
 E = Vault monster count
 F = Vault count percentage of total count
                 A         B        C        D         E       F
            +---------+---------+-------+---------+---------+-------
      Total |    2165 |     882 |  28.9 |     120 |      20 |  14.3
            +---------+---------+-------+---------+---------+-------
        D:1 |      48 |       0 |   0.0 |      25 |       0 |   0.0
        D:2 |     101 |       0 |   0.0 |      24 |       0 |   0.0
        D:3 |     103 |       0 |   0.0 |      19 |       0 |   0.0
        D:4 |     483 |     614 |  56.0 |      16 |       4 |  20.0
        D:5 |    1155 |      24 |   2.0 |      22 |       6 |  21.4
        D:6 |     154 |       0 |   0.0 |       6 |       0 |   0.0
        D:7 |     121 |       0 |   0.0 |       8 |       0 |   0.0
    Ossuary |       0 |     244 | 100.0 |       0 |      10 | 100.0
            +---------+---------+-------+---------+---------+-------
